 Dungeon Crawl Stone Soup version 0.22.1-1-ga44c0e5 (webtiles) character file.

8173 thomasnlv21 the Cleaver (level 11, -1/97 HPs)
             Began as a Minotaur Berserker on Nov 3, 2018.
             Was a High Priest of Trog.
             Slain by Urug
             ... wielding a +3 great mace of draining
              (36 damage)
             ... on level 2 of the Lair of Beasts on Nov 11, 2018.
             The game lasted 00:52:10 (10734 turns).

thomasnlv21 the Cleaver (Minotaur Berserker)       Turns: 10734, Time: 00:52:11

Health: -1/97      AC: 15    Str: 24    XL:     11   Next: 6%
Magic:  10/10      EV:  9    Int:  4    God:    Trog [*****.]
Gold:   602        SH:  0    Dex: 11    Spells: 10/10 levels left

rFire    . . .     SeeInvis +   u - +0 war axe (vamp)
rCold    . . .     Gourm    .   (no shield)
rNeg     . . .     Faith    .   B - +0 plate armour
rPois    .         Spirit   .   (helmet restricted)
rElec    .         Reflect  .   (no cloak)
rCorr    .         Harm     .   o - +0 pair of gloves
MR       +....                  (no boots)
Stlth    ..........             (no amulet)
HPRegen  0.26/turn              f - ring of protection from magic
MPRegen  0.12/turn              h - ring of see invisible

@: berserk cooldown, slowed, drained, very slow
A: retaliatory headbutt, horns 2
a: Berserk, Trog's Hand, Brothers in Arms, Renounce Religion


You were on level 2 of the Lair of Beasts.
You worshipped Trog.
Trog was extremely pleased with you.
You were not hungry.

You visited 3 branches of the dungeon, and saw 12 of its levels.

You collected 602 gold pieces.

Inventory:

Hand Weapons
 u - a +0 vampiric war axe (weapon)
 v - a +0 war axe
Armour
 b - a +0 animal skin
 o - a +0 pair of gloves (worn)
 t - the +1 scale mail "Kyviby" {Str+3}
   (You found it on level 6 of the Dungeon)

   It affects your strength (+3).
 z - a +1 leather armour of fire resistance
 A - a +1 scale mail of magic resistance
 B - a +0 plate armour (worn)
 C - a +2 leather armour of magic resistance
Jewellery
 a - an uncursed ring of ice
 f - a ring of protection from magic (left hand)
 h - a ring of see invisible (right hand)
 p - an uncursed ring of protection from fire
 w - a +3 ring of strength
 D - an uncursed amulet of magic regeneration
 E - an uncursed ring of flight
 F - an uncursed ring of protection from magic
 H - a +1 ring of protection
Wands
 e - a wand of random effects (35)
 q - a wand of iceblast (9)
Scrolls
 d - 2 scrolls of blinking
 g - 3 scrolls of identify
 k - 4 scrolls of teleportation
 m - a scroll of fog
 n - 3 scrolls of remove curse
 y - 2 scrolls of magic mapping
Potions
 i - a potion of brilliance
 j - a potion of degeneration
 l - 3 potions of curing
 r - a potion of resistance
 s - 3 potions of heal wounds
 x - 2 potions of haste
 G - a potion of mutation {unknown}
Comestibles
 c - 23 rations


   Skills:
 + Level 9.3(8.4) Fighting
 + Level 13.6(12.6) Axes
 + Level 10.9(10.0) Armour
 + Level 5.5(4.7) Dodging
 + Level 2.4(1.7) Stealth


You had 10 spell levels left.
You didn't know any spells.
Your spell library was empty.

Dungeon Overview and Level Annotations

Branches:
Dungeon (9/15)             Temple (1/1) D:4            Lair (2/6) D:9
    Orc (0/2) D:9
  Swamp: Lair:2-4    Shoals: Lair:2-4     Snake: Lair:2-4    Spider: Lair:2-4

Altars:
Ashenzari
Cheibriados
Dithmenos
Elyvilon
Fedhas
Gozag
Hepliaklqana
Kikubaaqudgha
Makhleb
Nemelex Xobeh
Okawaru
Qazlal
Ru
Sif Muna
Trog
Uskayaw
Vehumet
Wu Jian
Xom
Yredelemnul
Zin
The Shining One

Shops:
D:4 }   D:6 %   D:8 :

Annotations:
Lair:2 Urug


Innate Abilities, Weirdness & Mutations

You reflexively headbutt those who attack you in melee.
You have a pair of horns on your head.


Message History

You kill the wolf!
Trog accepts your kill.
Urug throws a javelin.
The javelin hits you!!
Urug drinks a potion.
Urug seems to grow stronger.
You see here a wolf corpse.
Unknown command.
You hit Urug.
You feel better.
You headbutt Urug!
Urug is moderately wounded.
Urug hits you but does no damage.
You feel drained.
You slash Urug!
You feel better.
You headbutt Urug!
Urug is heavily wounded.
Urug barely misses you.
You slash Urug!
You feel better.
You headbutt Urug!
Urug is almost dead.
Urug hits you with a great mace of draining!!
You feel drained.
You hit Urug but do no damage. You headbutt Urug, but do no damage.
Urug is almost dead.
Urug hits you with a great mace of draining!!!
You die...

## #. ### .##
#.o##†.# #
###.#@(#+#.#
#..........#
#.$..<.†>..#
#.....†...##
#..........#
#.......>..#
+.P...?.....#
..+.........#
.#P.........#


You could see Urug.

Vanquished Creatures
  A two-headed ogre (D:9)
  Pikel (D:4)
  A black mamba (Lair:1)
  2 spiny frogs (Lair:1)
  A hippogriff (D:9)
  A spriggan (D:7)
  A wyvern (Lair:1)
  12 yaks
  A steam dragon (D:8)
  Menkaure (D:4)
  2 water moccasins (Lair:1)
  2 ice beasts
  A porcupine (Lair:1)
  3 slaves (D:4)
  3 orc warriors
  3 wolves (Lair:2)
  4 centaurs
  An ogre (D:4)
  3 crocodiles
  A big kobold (D:8)
  8 bullfrogs
  A gnoll sergeant (D:8)
  A scorpion (D:8)
  3 crimson imps
  A bullfrog zombie (D:9)
  A centaur zombie (D:9)
  3 hounds (D:4)
  5 orc priests
  A bullfrog skeleton (D:5)
  4 jellies
  Ijyb (D:4)
  An iguana (D:6)
  11 orc wizards
  7 worker ants
  A killer bee zombie (D:7)
  11 gnolls
  9 adders
  An adder zombie (D:9)
  An adder skeleton (D:4)
  4 worms
  3 dart slugs
  2 leopard geckos
  23 orcs
  3 ball pythons
  6 giant cockroaches
  13 goblins
  6 hobgoblins
  5 jackals
  3 quokkas
  10 bats
  7 frilled lizards
  15 kobolds
  A leopard gecko skeleton (D:6)
  A leopard gecko zombie (D:6)
  13 rats
231 creatures vanquished.

Notes
Turn   | Place    | Note
-------+----------+-------------------------------------------
     0 | D:1      | thomasnlv21 the Minotaur Berserker began the quest for the
                  | Orb.
     0 | D:1      | Reached XP level 1. HP: 19/19 MP: 0/0
    72 | D:1      | Reached XP level 2. HP: 25/27 MP: 1/1
   100 | D:1      | Reached skill level 4 in Axes
   503 | D:1      | Reached ** piety under Trog
   583 | D:1      | Reached XP level 3. HP: 33/33 MP: 2/2
   935 | D:2      | Reached XP level 4. HP: 21/41 MP: 3/3
   948 | D:2      | Reached skill level 5 in Axes
  1787 | D:2      | Reached XP level 5. HP: 47/47 MP: 4/4
  2145 | D:3      | Found a blossoming altar of Fedhas.
  2269 | D:3      | Reached skill level 6 in Axes
  2717 | D:3      | Reached XP level 6. HP: 55/55 MP: 5/5
  2850 | D:3      | Reached *** piety under Trog
  3101 | D:4      | Noticed Ijyb
  3103 | D:4      | Noticed a slave
  3104 | D:4      | Noticed a slave
  3104 | D:4      | Noticed a slave
  3105 | D:4      | Noticed a slave
  3106 | D:4      | Noticed Pikel
  3110 | D:4      | Killed Ijyb
  3110 | D:4      | Killed a slave
  3110 | D:4      | Killed a slave
  3112 | D:4      | Killed a slave
  3118 | D:4      | Killed Pikel
  3118 | D:4      | Reached skill level 5 in Fighting
  3118 | D:4      | Reached skill level 7 in Axes
  3118 | D:4      | Reached skill level 5 in Armour
  3118 | D:4      | Reached XP level 7. HP: 62/62 MP: 6/6
  3202 | D:4      | Noticed Menkaure
  3211 | D:4      | Killed Menkaure
  3399 | D:4      | Found a stormy altar of Qazlal.
  3418 | D:4      | Reached skill level 8 in Axes
  3420 | D:4      | Reached skill level 1 in Stealth
  3420 | D:4      | Reached XP level 8. HP: 70/70 MP: 7/7
  3721 | D:4      | Found a staircase to the Ecumenical Temple.
  3745 | Temple   | Entered the Ecumenical Temple
  3981 | D:4      | Found a basalt altar of Yredelemnul.
  4170 | D:4      | Found a snail-covered altar of Cheibriados.
  4244 | D:4      | Found Voitoi's Gadget Shop.
  4627 | D:5      | Entered Level 5 of the Dungeon
  4643 | D:5      | Reached skill level 9 in Axes
  4744 | D:5      | Noticed a hand axe
  4744 | D:5      | Noticed a dagger
  4766 | D:5      | Found a hide-covered altar of Uskayaw.
  4975 | D:5      | Found an ornate altar of the Wu Jian Council.
  5255 | D:5      | Found a shadowy altar of Dithmenos.
  5342 | D:5      | Found a radiant altar of Vehumet.
  5579 | D:5      | Found a sacrificial altar of Ru.
  5706 | D:6      | Found Reuz's Food Shoppe.
  5883 | D:6      | Got a pitted scale mail
  5894 | D:6      | Identified the cursed +1 scale mail "Kyviby" {Str+3} (You
                  | found it on level 6 of the Dungeon)
  6632 | D:7      | Found a shattered altar of Ashenzari.
  6700 | D:7      | Reached skill level 10 in Axes
  6700 | D:7      | Reached XP level 9. HP: 78/78 MP: 8/8
  6733 | D:7      | Reached **** piety under Trog
  7019 | D:7      | Found an ancient bone altar of Kikubaaqudgha.
  7090 | D:7      | Found a burning altar of Makhleb.
  7234 | D:8      | Found Nilit's Book Emporium.
  7278 | D:8      | Found an iron altar of Okawaru.
  7810 | D:8      | Found a blossoming altar of Fedhas.
  7816 | D:8      | Reached skill level 5 in Dodging
  8252 | D:8      | Found a shimmering altar of Xom.
  8362 | D:9      | Reached skill level 11 in Axes
  8373 | D:9      | Reached XP level 10. HP: 88/88 MP: 9/9
  8448 | D:9      | Found a staircase to the Lair.
  8525 | D:9      | Found a staircase to the Orcish Mines.
  8708 | D:9      | Noticed a two-headed ogre
  8722 | D:9      | Killed a two-headed ogre
  8722 | D:9      | Reached skill level 12 in Axes
  9399 | Lair:1   | Entered Level 1 of the Lair of Beasts
  9399 | Lair:1   | Noticed a spiny frog
  9411 | Lair:1   | Reached ***** piety under Trog
  9412 | Lair:1   | Killed a spiny frog
  9412 | Lair:1   | Reached skill level 10 in Armour
  9591 | Lair:1   | Reached skill level 13 in Axes
  9889 | Lair:1   | Noticed a spiny frog
  9899 | Lair:1   | Killed a spiny frog
 10219 | Lair:1   | Noticed a black mamba
 10226 | Lair:1   | Killed a black mamba
 10714 | Lair:2   | Reached XP level 11. HP: 97/97 MP: 10/10
 10728 | Lair:2   | Noticed Urug
 10734 | Lair:2   | Slain by Urug

Skill      XL: |  1  2  3  4  5  6  7  8  9 10 |
---------------+-------------------------------+-----
Axes           | 4 5 6 7 8 10 11 13 | 13.6
Fighting       | 4 5 6 8 9 |  9.3
Armour         | 3 4 5 6 7 9 10 | 10.9
Dodging        | 3 4 5 |  5.5
Stealth        | 1 2 |  2.4

Action                   |  1- 3 |  4- 6 |  7- 9 | 10-12 || total
-------------------------+-------+-------+-------+-------++-------
Melee: Hand axe          |    63 |   146 |   126 |       ||   335
       Headbutt          |     9 |    24 |    47 |    34 ||   114
       War axe           |       |       |    96 |   144 ||   240
Invok: Berserk           |     2 |     3 |     8 |     3 ||    16
  Use: Potion            |     3 |     4 |     5 |       ||    12
       Scroll            |     1 |     6 |     3 |     5 ||    15
 Stab: Invisible         |       |       |     1 |       ||     1
  Eat: Chunk             |     1 |    10 |    18 |     4 ||    33
       Ration            |       |       |     3 |     2 ||     5
Armor: Scale mail        |    22 |    55 |    68 |     7 ||   152
       Animal skin       |     1 |       |       |       ||     1
       Plate armour      |       |       |       |   100 ||   100
Dodge: Dodged            |    53 |    67 |   141 |    58 ||   319
